 Dungeon Crawl Stone Soup version 0.29-a0-322-g68df515428 (webtiles) character file.

Game seed: 7435460327764508108

671 Flugkiller the Sneak (level 7, -1/48 HPs)
             Began as an Octopode Delver on Apr 6, 2022.
             Slain by a hound (4 damage)
             ... on level 5 of the Dungeon.
             The game lasted 00:04:30 (3891 turns).

Flugkiller the Sneak (Octopode Delver)              Turns: 3891, Time: 00:04:30

Health: -1/48      AC:  1    Str: 18    XL:     7   Next: 58%
Magic:  7/7        EV: 14    Int: 14    God:
Gold:   16         SH:  0    Dex: 13    Spells: 6/6 levels left

rFire   . . .      SeeInvis .   x - +2 battleaxe (holy)
rCold   . . .      Faith    .   (shield currently unavailable)
rNeg    . . .      Spirit   .   (helmet restricted)
rPois   +          Reflect  .   (no amulet)
rElec   .          Harm     .   o - ring of poison resistance
rCorr   .          Rampage  .   p - +6 ring of strength
Will    .....                   (no ring)
Stlth   ++++......              (no ring)
HPRegen 0.16/turn               (no ring)
MPRegen 0.10/turn               (no ring)
                                (no ring)
                                (no ring)

@: no status effects
A: almost no armour, amphibious, 8 rings, camouflage 1, gelatinous body 1,
(nimble swimmer 1), tentacles
a: no special abilities


You were on level 5 of the Dungeon.
You visited 1 branch of the dungeon, and saw 5 of its levels.

You collected 280 gold pieces.
You spent 264 gold pieces at shops.

Inventory:

Hand Weapons
 a - a +0 short sword
 x - a +2 battleaxe of holy wrath (weapon)
   (You bought it in a shop on level 2 of the Dungeon)
Jewellery
 g - a ring of fire
   (You found it on level 5 of the Dungeon)
 o - a ring of poison resistance (left tentacle)
   (You found it on level 4 of the Dungeon)
 p - a +6 ring of strength (right tentacle)
   (You found it on level 1 of the Dungeon)
Wands
 f - a wand of digging (3)
Scrolls
 b - a scroll of fog
 c - 3 scrolls of magic mapping
 d - a scroll of torment {unknown}
 i - a scroll of enchant weapon {unknown}
 k - a scroll of amnesia {unknown}
 m - a scroll of noise
 s - a scroll of enchant armour {unknown}
 t - 4 scrolls of teleportation
 u - a scroll of vulnerability
 v - a scroll of brand weapon {unknown}
Potions
 e - 2 potions of lignification
 h - 2 potions of haste
 j - a potion of flight
 l - a potion of mutation {unknown}
 q - 6 potions of curing
 w - 3 potions of heal wounds
 z - 2 potions of ambrosia


   Skills:
 - Level 4.0 Fighting
 - Level 2.0 Short Blades
 + Level 5.8 Axes
 - Level 5.0 Dodging
 - Level 6.6 Stealth


You had 6 spell levels left.
You didn't know any spells.
Your spell library was empty.

Dungeon Overview and Level Annotations

Branches:
Dungeon (5/15)
 Temple: D:4-7

Altars:
Dithmenos
Sif Muna

Shops:
D:2 *   D:5 *


Innate Abilities, Weirdness & Mutations

You cannot wear most types of armour.
You are amphibious.
You can wear up to eight rings at the same time.
Your skin changes colour to match your surroundings (Stealth+).
Your rubbery body absorbs attacks. (AC +1, EV +1)
((You are camouflaged when in or above water. (Stealth+)))
You have tentacles for arms and can constrict up to eight enemies at once.


Message History

i - a scroll labelled VUPURO ITOSO
As you read the scroll of identify, it crumbles to dust.
k - 2 potions of heal wounds;
w - 2 potions of heal wounds
k - a scroll labelled FETHRE ANWO
As you read the scroll of identify, it crumbles to dust.
n - 3 potions of degeneration
As you read the scroll of identify, it crumbles to dust.
z - 2 potions of ambrosia
As you read the scroll of identify, it crumbles to dust.
j - a potion of flight You drop 3 potions of degeneration.
As you read the scroll labelled YNYANA LENINK, it crumbles to dust.
You hear a loud clanging noise!
It was a scroll of noise.
Unknown command.
w - 3 potions of heal wounds (gained 1)
There is an entrance to Ygasheg's Specific Store here.
p - 4 scrolls of teleportation (gained 1)
t - 4 scrolls of teleportation
p - a +6 ring of strength (right tentacle) Thank you for shopping at Ygasheg's Specific Store!
As you read the scroll labelled FUIKLE XOEH, it crumbles to dust.
Magic quickly surges around you.
It was a scroll of vulnerability.
Unknown command.
Okay, then.
You start waiting.
A worm comes into view.
You slash the worm! You grab the worm.
The worm is heavily wounded.
You constrict the worm. The worm bites you!
You barely miss the worm.
The worm is heavily wounded.
You constrict the worm. The worm bites you!
You slash the worm!
You kill the worm!
No target in view!
You start resting.
You feel your willpower return.
You now have 16 gold pieces (gained 12).
Found a stone staircase leading down.
Found a stone staircase leading down.
There is a stone staircase leading down here.
HP restored.
There is a shaft here.
You see here an adder skeleton.
Key pressed, stopping explore.
A howler monkey comes into view.
Found a viscous silvery potion and a club.
The howler monkey howls!
A howler monkey is nearby!
The howler monkey hoots and howls with incredible vigour!
You hear a bark!
You hear a shout! x2; You hear an angry hiss.
You hear a shout! x3
You closely miss the howler monkey. You grab the howler monkey.
You constrict the howler monkey. The howler monkey hits you!
The howler monkey hits you.
You hit the howler monkey.
The howler monkey is heavily wounded.
You constrict the howler monkey. The howler monkey hits you.
A hound comes into view.
The howler monkey hits you.
There are monsters nearby!
You are too injured to fight recklessly!
You hit the howler monkey. You squeeze the howler monkey.
You kill the howler monkey!
The hound pauses to sniff the ground.
A sky beast comes into view.
The sky beast attacks as you move away! The sky beast closely misses you.
You slash the sky beast! You squeeze the sky beast.
The sky beast is heavily wounded.
The sky beast hits you. The sky beast shocks you.
The sky beast barely misses you.
Okay, then.
Okay, then.
Okay, then.
You completely miss the sky beast.
You squeeze the sky beast, but do no damage.
The sky beast is heavily wounded.
The sky beast hits you. The sky beast shocks you.
* * * LOW HITPOINT WARNING * * *
Unknown command.
You slash the sky beast!
The sky beast is almost dead.
The sky beast barely misses you.
Unknown command.
You hit the sky beast.
You kill the sky beast!
The hound closely misses you.
Unknown command.
You completely miss the hound. Your grab misses the hound. The hound bites you.
* * * LOW HITPOINT WARNING * * *
The hound bites you.
* * * LOW HITPOINT WARNING * * *
Unknown command.
You barely miss the hound. Your grab misses the hound.
You squeeze the hound, but do no damage.
The hound bites you.
* * * LOW HITPOINT WARNING * * *
The hound bites you.
You die...

#.# ##.## # #.# #.#
#.... #.# #.######...
#.# #......#... ..#
########.. ..# #.. #.#
#.# ..## #.# .#.# #@#
...## #h###.### #.#.#
###........ ....##
#..........
.#.#.#########.#.......#
...............#....####
#.#.#.##.#######.####
......##.# #.!
.#.#.#.#.#######..


You could see a hound.

Vanquished Creatures
  A water moccasin (D:5)
  A sky beast (D:5)
  A phantom (D:5)
  A scorpion (D:4)
  A necrophage (D:5)
  A howler monkey (D:5)
  A hound (D:5)
  A jelly (D:4)
  Natasha (thrice) (D:3)
  5 adders
  A worm (D:5)
  2 dart slugs
  6 bats
  8 endoplasms
  2 giant cockroaches
  4 goblins
  3 hobgoblins
  6 quokkas
  5 ball pythons
  A frilled lizard (D:1)
  6 kobolds
  6 rats
66 creatures vanquished.

Vanquished Creatures (others)
  A plant (D:5)
1 creature vanquished.

Grand Total: 67 creatures vanquished

Notes
Turn   | Place    | Note
-------+----------+-------------------------------------------
     0 | D:5      | Flugkiller the Octopode Delver began the quest for the Orb.
     0 | D:5      | Reached XP level 1. HP: 16/16 MP: 1/1
    51 | D:5      | Reached XP level 2. HP: 12/21 MP: 2/2
   390 | D:4      | Noticed a scorpion
   435 | D:5      | Reached XP level 3. HP: 16/26 MP: 3/3
   577 | D:4      | Found a shimmering blue altar of Sif Muna.
   598 | D:4      | Noticed an ogre
   711 | D:4      | Killed a scorpion
   712 | D:4      | Reached XP level 4. HP: 25/31 MP: 4/4
   883 | D:2      | Reached skill level 5 in Dodging
   883 | D:2      | Reached XP level 5. HP: 36/36 MP: 5/5
  1921 | D:2      | Found Veiqeov's Assorted Antiques.
  1931 | D:2      | Bought a glowing battleaxe for 228 gold pieces
  2114 | D:2      | Noticed an ogre
  2132 | D:3      | Noticed Natasha
  2133 | D:3      | Killed Natasha
  2197 | D:3      | Reached skill level 1 in Axes
  2290 | D:3      | Noticed Natasha
  2297 | D:3      | Killed Natasha
  2298 | D:3      | Reached XP level 6. HP: 34/43 MP: 6/6
  2563 | D:3      | Noticed Natasha
  2567 | D:3      | Killed Natasha
  2598 | D:3      | Found a shadowy altar of Dithmenos.
  3313 | D:5      | Noticed a water moccasin
  3328 | D:5      | Killed a water moccasin
  3585 | D:5      | Reached XP level 7. HP: 48/48 MP: 7/7
  3590 | D:5      | Reached skill level 5 in Axes
  3613 | D:5      | Found Ygasheg's Specific Store.
  3619 | D:5      | Found Estir's General Store.
  3635 | D:5      | Bought a scroll of teleportation for 36 gold pieces
  3891 | D:5      | Slain by a hound

Illustrated notes

Levels and vault maps discovered:
D:1:      dpeg_arrival_three_bigger_balls, layout_basic, minmay_split_cup_large
D:2:      layout_basic, serial_shops, nicolae_diamond_shop,
          dreamdust_ecumenical_altar_hidden_monk_grotto,
          chequers_serial_rivers_room_a
D:3:      layout_loops_corners, marbit_many_paths, uniq_natasha
D:4:      layout_loops_cross, mainiacjoe_overflow_boulevard
D:5:      minmay_recursive_quarters, layout_loops_ring, hex_large,
          serial_bayou_pond_d, nicolae_specific_store

Skill      XL: |  1  2  3  4  5  6  7 |
---------------+----------------------+-----
Dodging        | 3 4 5 |  5.0
Axes           | 1 4 5 |  5.8
Fighting       | 4 |  4.0
Short Blades   | |  2.0
Stealth        | |  6.6

Action                   |  1- 3 |  4- 6 |  7- 9 || total
-------------------------+-------+-------+-------++-------
Melee: Short sword       |    19 |    74 |       ||    93
       Constrict         |     3 |    20 |     2 ||    25
       Tentacles         |     2 |    11 |     4 ||    17
       Battleaxe         |       |    16 |    16 ||    32
       Punch             |       |     1 |       ||     1
  Use: Scroll            |       |     1 |     7 ||     8
       Potion            |       |     1 |       ||     1
 Stab: Sleeping          |     1 |    27 |     1 ||    29
Armor: Skin              |       |     8 |       ||     8
Dodge: Dodged            |    15 |    48 |     6 ||    69

Table legend: (Time is in decaauts)
 A = Elapsed time spent in this place.
 B = Non-inter-level travel time spent in this place.
 C = Inter-level travel time spent in this place.
 D = Time resting spent in this place.
 E = Time spent auto-exploring this place.
 F = Levels seen in this place.
 G = Mean time per level.
                   A        B        C        D        E       F      G
               +--------+--------+--------+--------+--------+-----+--------+
         Total |   3909 |   3741 |    168 |    587 |   2258 |   5 |  781.8 |
       Dungeon |   3909 |   3741 |    168 |    587 |   2258 |   5 |  781.8 |
               +--------+--------+--------+--------+--------+-----+--------+

Top non-repeatable levels by time:
     D:5: 921 daAuts
     D:4: 902 daAuts
     D:3: 830 daAuts
     D:1: 826 daAuts
     D:2: 429 daAuts
